AoeStats
← JAEC

Arena

509927183Analyzed
3v3 RM · 5d ago on Sep 28, 2026· 27m 33s· 6 players
Game mode
Random Map
Map size
Normal (6 player)
Population
200
Speed
Normal
Resources
Standard
Victory
Conquest
Starting age
Dark Age
Ending age
Imperial Age
RankedLock teamsTeams togetherTeam positionsShared explorationLock speedFull tech treeHidden civsTurbo modeCheats
Victory
Defeat
🇺🇦 Britons · Ukraine
806
+18
🇹🇯 Persians · Tajikistan
767
+20
🇲🇽 Franks · Mexico
757
+20
🇻🇪 Bohemians · Venezuela
915
-22
🇻🇪 Mongols · Venezuela
865
-20
🇮🇳 Vietnamese · India
773
-16
LiL Dogga
0:31 Loom
10:19 Feudal Age
11:40 Wheelbarrow
10:50 Town Watch
10:48 Horse Collar
10:57 Double-Bit Axe
17:38 Castle Age
19:23 Heavy Plow
21:42 Fletching
22:46 Bodkin Arrow
23:24 Gold Mining
25:40 Gold Shaft Mining
25:32 Ballistics
26:23 Padded Archer Armor
27:55 Leather Archer Armor
28:07 Hand Cart
28:06 Bow Saw
Zerfer
6:26 Loom
15:23 Feudal Age
18:23 Wheelbarrow
17:21 Man-at-Arms
18:52 Double-Bit Axe
18:50 Horse Collar
22:03 Forging
23:07 Fletching
Sir Corsario II
11:23 Feudal Age
15:25 Castle Age
18:51 Man-at-Arms
20:13 Loom
20:47 Arson
25:20 Scale Mail Armor
25:11 Long Swordsman
JAEC
rtxron99ti
pratikmalusare99
10:02 Feudal Age
8:20 Loom
10:52 Double-Bit Axe
10:58 Horse Collar
17:46 Stone Mining
17:49 Gold Mining
19:32 Wheelbarrow
18:43 Town Watch
19:37 Wheelbarrow
20:45 Man-at-Arms
25:42 Fletching
25:53 Padded Archer Armor
27:58 Castle Age
27:20 Forging
27:10 Scale Mail Armor
Connection lost

Rejoining the realm…

Still unreachable

The connection could not be restored.

Session expired

The server has moved on; the page needs a fresh start.